 Dungeon Crawl Stone Soup version 0.25-a0-1002-gbcf8c60d55 (webtiles) character file.

Game seed: 14211626599992486312, levelgen mode: deterministic

43010 Essalna the Destroyer (level 14, 0/111 HPs)
             Began as a Human Conjurer on May 11, 2020.
             Was a High Priest of Vehumet.
             Slain by an eight-headed hydra (5 damage)
             ... on level 6 of the Lair of Beasts.
             The game lasted 01:18:25 (22336 turns).

Essalna the Destroyer (Human Conjurer)             Turns: 22336, Time: 01:18:26

Health: 0/111      AC: 10    Str: 10    XL:     14   Next: 58%
Magic:  29/37      EV: 16    Int: 26    God:    Vehumet [*****.]
Gold:   1046       SH:  5    Dex: 13    Spells: 21/33 levels left

rFire    + . .     SeeInvis .   G - +9 staff of Olgreb {rPois∞}
rCold    . . .     Gourm    .   L - +0 buckler
rNeg     . . .     Faith    .   H - +0 leather armour {rF+}
rPois    ∞         Spirit   .   Q - +0 helmet
rElec    .         Reflect  .   t - +2 cloak
rCorr    .         Harm     .   l - +0 pair of gloves
MR       +....                  (no boots)
Stlth    ++........             (no amulet)
HPRegen  0.28/turn              z - ring of magical power
MPRegen  0.25/turn              A - +6 ring of intelligence

@: no status effects
A: no striking features
a: Renounce Religion


You were on level 6 of the Lair of Beasts.
You worshipped Vehumet.
Vehumet was extremely pleased with you.
You were not hungry.

You visited 3 branches of the dungeon, and saw 17 of its levels.

You collected 1046 gold pieces.

Inventory:

Hand Weapons
 G - the +9 staff of Olgreb (weapon) {rPois∞}
   (You found it on level 9 of the Dungeon)

   It grants immunity to poison.
Missiles
 j - 71 poisoned darts (quivered)
Armour
 l - a +0 pair of gloves (worn)
 t - a +2 cloak (worn)
 H - a +0 leather armour of fire resistance (worn)
 L - a +0 buckler (worn)
 Q - a +0 helmet (worn)
Jewellery
 a - a cursed ring of attention {unknown}
 b - an uncursed ring of protection from magic
 r - an uncursed ring of teleportation
 w - an uncursed ring of protection from fire
 z - a ring of magical power (left hand)
 A - a +6 ring of intelligence (right hand)
 D - an uncursed ring of ice
 I - a +5 ring of strength {unknown}
 O - an uncursed ring of positive energy {unknown}
 S - an uncursed ring of stealth {unknown}
 V - a cursed ring of attention {unknown}
 Z - an uncursed ring of protection from cold {unknown}
Wands
 x - a wand of acid (6)
 R - a wand of iceblast (4)
Scrolls
 c - 2 scrolls of fear
 d - 15 scrolls of identify
 e - a scroll of enchant weapon {unknown}
 g - 5 scrolls of teleportation
 m - 4 scrolls of amnesia
 q - 7 scrolls of remove curse
 E - 2 scrolls of magic mapping
 F - 2 scrolls of blinking
 M - a scroll of enchant armour
 T - 2 scrolls of vulnerability {unknown}
 X - 2 scrolls of fog
Potions
 h - 3 potions of heal wounds
 i - a potion of ambrosia
 k - 11 potions of curing
 n - 3 potions of flight {unknown}
 s - 3 potions of stabbing {unknown}
 v - 3 potions of magic {unknown}
 C - 2 potions of brilliance {unknown}
 K - 4 potions of degeneration {unknown}
 N - 2 potions of lignification {unknown}
 P - 3 potions of resistance {unknown}
 U - 3 potions of haste {unknown}
 W - a potion of mutation {unknown}
Comestibles
 f - 12 chunks of flesh
 p - 39 rations


   Skills:
 + Level 10.4 Fighting
 + Level 8.2 Armour
 + Level 9.1 Dodging
 - Level 2.5 Stealth
 - Level 4.0 Shields
 + Level 10.1 Spellcasting
 + Level 11.3 Conjurations
 + Level 6.8 Fire Magic
 + Level 7.4 Evocations


You had 21 spell levels left.
You knew the following spells:

 Your Spells              Type           Power        Failure   Level  Hunger
a - Magic Dart            Conj           ####         1%          1    None
b - Searing Ray           Conj           ######       1%          2    None
c - Inner Flame           Hex/Fire       ####....     1%          3    None
d - Starburst             Conj/Fire      ######....   6%          6    #####..

Your spell library contained the following spells:

 Spells                   Type           Power        Failure   Level  Hunger
 Ozocubu's Refrigeration  Ice            ##........   88%         6    #####..
 Freeze                   Ice            ##..         1%          1    None
 Dazzling Flash           Conj/Hex       #####.       1%          3    None
 Fulminant Prism          Conj/Hex       #####.....   1%          4    None
 Hailstorm                Conj/Ice       #####...     1%          4    None
 Iskenderun's Mystic Bla  Conj/Tloc      #####...     1%          4    None
 Frozen Ramparts          Ice            ##....       4%          3    None
 Corona                   Hex            ##.....      6%          1    None
 Confusing Touch          Hex            ##......     17%         3    None
 Ozocubu's Armour         Chrm/Ice       ##......     17%         3    None
 Yara's Violent Unravell  Hex/Tmut       ##........   36%         5    ####...
 Cause Fear               Hex            ##........   50%         4    None
 Summon Ice Beast         Ice/Summ       ##......     50%         4    None
 Excruciating Wounds      Chrm/Necr      ##........   85%         5    ####...


Dungeon Overview and Level Annotations

Branches:
Dungeon (10/15)            Temple (1/1) D:4            Lair (6/6) D:9
 Shoals (0/4) Lair:3       Spider (0/4) Lair:3        Slime (0/5) Lair:5
    Orc: D:9-12

Altars:
Ashenzari
Cheibriados
Elyvilon
Fedhas
Gozag
Kikubaaqudgha
Makhleb
Okawaru
Ru
Sif Muna
Uskayaw
Vehumet
Wu Jian
Xom
Yredelemnul
Zin
Beogh

Annotations:
D:9 1 runed translucent door
Lair:4 exclusion: 2 oklob plants


Message History

The searing ray hits the eight-headed hydra!
The eight-headed hydra is almost dead.
You block the eight-headed hydra's attack.
The eight-headed hydra bites you but does no damage.
The eight-headed hydra bites you!
* * * LOW HITPOINT WARNING * * *
The eight-headed hydra bites you!
* * * LOW HITPOINT WARNING * * *
The eight-headed hydra bites you.
* * * LOW HITPOINT WARNING * * *
The eight-headed hydra bites you.
* * * LOW HITPOINT WARNING * * *
The eight-headed hydra bites you!
* * * LOW HITPOINT WARNING * * *
You block the eight-headed hydra's attack.
The searing ray hits the eight-headed hydra!
The eight-headed hydra is almost dead.
The eight-headed hydra bites you but does no damage.
The eight-headed hydra bites you.
You die...

##..# ≈P ≈ #.... #...#
.. ≈y #.... #...##
.##≈#≈ ###.... ##P...#
#≈≈≈≈≈≈ .......
#PP..## ≈.≈≈≈ .......
#P.†.###.≈#
#.P..###...P.#...##≈≈
#....D###÷......≈≈≈≈≈≈
#..@#.....#....≈≈≈≈≈
#........####.≈.#≈#P
[.............# ≈≈## #
..............## #.≈≈
........#.....# ≈≈≈≈
......###....P.# .##≈≈
..#### ##....... ≈P ##
#.........≈≈≈≈≈
......#.......


You could see an eight-headed hydra.

Vanquished Creatures
  Snorg (Lair:5)
  5 hydras
  Harold (D:9)
  7 death yaks
  Urug (Lair:5)
  Sonja (Lair:2)
  An oklob plant (Lair:5)
  An orb spider (Lair:3)
  An ugly thing (D:9)
  18 elephants
  A cyclops (D:9)
  3 black mambas
  8 spiny frogs
  3 rime drakes (Lair:6)
  7 komodo dragons
  A queen bee (D:9)
  3 polar bears
  3 hornets (Lair:6)
  A troll (D:9)
  A wind drake (Lair:6)
  6 dream sheep (Lair:6)
  6 hippogriffs
  13 blink frogs
  A snapping turtle (Lair:3)
  3 wyverns
  18 yaks
  A wraith (D:8)
  Eustachio (D:6)
  A basilisk (Lair:1)
  3 soldier ants (D:9)
  8 water moccasins
  10 porcupines
  6 orc warriors
  2 sky beasts
  4 ice beasts
  2 ogres
  5 wolves
  3 centaurs
  6 crocodiles
  A big kobold (D:9)
  11 bullfrogs
  A wyvern skeleton (D:6)
  3 scorpions
  2 water moccasin skeletons
  24 killer bees
  2 vampire bats (D:3)
  4 wights
  2 electric eels
  4 howler monkeys
  4 crimson imps
  A centaur zombie (D:5)
  A quasit (D:7)
  9 hounds
  2 jellies
  2 bullfrog zombies
  13 orc wizards
  A gnoll shaman (D:8)
  6 orc priests
  2 centaur skeletons
  2 iguanas
  Jessica (D:1)
  2 bullfrog skeletons
  12 worker ants
  Natasha (twice) (D:2)
  A hound zombie (D:6)
  A worker ant zombie (D:5)
  5 gnolls (D:8)
  2 howler monkey skeletons
  11 adders
  5 shadow imps
  2 oozes
  A worm (D:5)
  4 dart slugs
  6 leopard geckos
  41 orcs
  3 bat skeletons (D:3)
  2 bat zombies (D:3)
  12 giant cockroaches
  2 gnoll zombies (D:2)
  18 goblins
  6 hobgoblins
  18 kobolds
  4 quokkas
  13 bats
  5 frilled lizards
  A jackal zombie (D:5)
  2 leopard gecko skeletons
  13 rats
  3 plants
462 creatures vanquished.

Vanquished Creatures (others)
  26 fungi
  23 plants
49 creatures vanquished.

Grand Total: 511 creatures vanquished

Notes
Turn   | Place    | Note
-------+----------+-------------------------------------------
     0 | D:1      | Essalna the Human Conjurer began the quest for the Orb.
     0 | D:1      | Reached XP level 1. HP: 13/13 MP: 3/3
   199 | D:1      | Reached XP level 2. HP: 19/19 MP: 1/5
   525 | D:1      | Reached XP level 3. HP: 24/24 MP: 4/6
  1377 | D:2      | Noticed Jessica
  1452 | D:1      | HP: 1/24 [Jessica/+0 dagger (2)]
  1454 | D:1      | Killed Jessica
  1454 | D:1      | Reached XP level 4. HP: 2/31 MP: 1/7
  1832 | D:2      | Reached skill level 1 in Fighting
  1832 | D:2      | Reached XP level 5. HP: 20/37 MP: 1/9
  2417 | D:2      | Noticed Natasha
  2420 | D:2      | Killed Natasha
  2555 | D:2      | Learned a level 2 spell: Searing Ray
  2769 | D:2      | Found a basalt altar of Yredelemnul.
  2788 | D:2      | Noticed Natasha
  2794 | D:2      | Killed Natasha
  2794 | D:2      | Reached XP level 6. HP: 44/44 MP: 4/10
  3485 | D:3      | Found an ancient bone altar of Kikubaaqudgha.
  3505 | D:3      | Reached skill level 5 in Conjurations
  4029 | D:4      | Noticed an ogre
  4036 | D:4      | Killed an ogre
  4036 | D:4      | Reached skill level 1 in Armour
  4036 | D:4      | Reached XP level 7. HP: 15/51 MP: 2/12
  4476 | D:4      | Found a roughly hewn altar of Beogh.
  4777 | D:4      | Found a staircase to the Ecumenical Temple.
  4790 | Temple   | Entered the Ecumenical Temple
  4798 | Temple   | Became a worshipper of Vehumet
  4974 | D:4      | Found a shimmering altar of Xom.
  5527 | D:5      | Entered Level 5 of the Dungeon
  5578 | D:5      | Reached XP level 8. HP: 46/58 MP: 5/14
  5806 | D:5      | Found a shattered altar of Ashenzari.
  6187 | D:5      | Reached skill level 6 in Conjurations
  6471 | D:5      | Reached * piety under Vehumet
  6471 | D:5      | Offered knowledge of Sandblast by Vehumet.
  6658 | D:5      | Found a sacrificial altar of Ru.
  6688 | D:5      | Reached skill level 5 in Dodging
  7104 | D:5      | Found an opulent altar of Gozag.
  7104 | D:5      | Found a snail-covered altar of Cheibriados.
  7212 | D:6      | Reached XP level 9. HP: 59/65 MP: 16/16
  7221 | D:6      | Reached skill level 5 in Spellcasting
  7447 | D:6      | Noticed Eustachio
  7469 | D:6      | Killed Eustachio
  7847 | D:6      | Found a shimmering blue altar of Sif Muna.
  7920 | D:6      | Found an iron altar of Okawaru.
  8137 | D:6      | Reached skill level 5 in Fighting
  8231 | D:6      | Offered knowledge of Foxfire by Vehumet.
  8361 | D:6      | Found an iron altar of Okawaru.
  8420 | D:6      | Reached skill level 7 in Conjurations
  8751 | D:7      | Reached ** piety under Vehumet
  8908 | D:7      | Reached XP level 10. HP: 36/74 MP: 18/18
  9094 | D:7      | Reached skill level 5 in Armour
  9907 | D:8      | Offered knowledge of Inner Flame by Vehumet.
 10021 | D:8      | Reached *** piety under Vehumet
 10021 | D:8      | Reached skill level 1 in Shields
 10554 | D:8      | Identified a scroll of acquirement
 10856 | D:9      | Learned a level 3 spell: Inner Flame
 11077 | D:9      | Offered knowledge of Ignite Poison by Vehumet.
 11391 | D:9      | Reached skill level 8 in Conjurations
 11468 | D:9      | Found a staircase to the Lair.
 11834 | D:9      | Reached XP level 11. HP: 63/83 MP: 21/21
 11932 | D:9      | Reached **** piety under Vehumet
 12117 | D:9      | Offered knowledge of Yara's Violent Unravelling by Vehumet.
 12137 | D:9      | Found the +9 staff of Olgreb {rPois∞}
 12139 | D:9      | Found a runed translucent door.
 12144 | D:9      | Found a runed translucent gate.
 12144 | D:9      | Found a runed translucent gate.
 12145 | D:9      | Found a runed translucent door.
 12155 | D:9      | Found a runed translucent gate.
 12197 | D:9      | Noticed Harold
 12209 | D:9      | Killed Harold
 12414 | D:9      | Noticed a green ugly thing
 12433 | D:9      | Killed a green ugly thing
 12761 | D:9      | Noticed a cyclops
 12765 | D:9      | Killed a cyclops
 13793 | D:10     | Entered Level 10 of the Dungeon
 13839 | Lair:1   | Entered Level 1 of the Lair of Beasts
 14266 | Lair:1   | Reached skill level 1 in Evocations
 14268 | Lair:1   | Reached ***** piety under Vehumet
 14400 | Lair:1   | Reached skill level 9 in Conjurations
 14794 | Lair:2   | Noticed Sonja
 14799 | Lair:2   | Killed Sonja
 14799 | Lair:2   | Reached XP level 12. HP: 91/92 MP: 23/23
 14900 | Lair:2   | Offered knowledge of Starburst by Vehumet.
 14908 | Lair:2   | Learned a level 6 spell: Starburst
 14981 | Lair:2   | Reached skill level 1 in Fire Magic
 14995 | Lair:2   | Noticed a seven-headed hydra
 15242 | Lair:2   | Killed a seven-headed hydra
 17041 | Lair:3   | Noticed a six-headed hydra
 17047 | Lair:3   | Killed a six-headed hydra
 17047 | Lair:3   | Reached skill level 10 in Conjurations
 17347 | Lair:3   | Found a hole to the Spider Nest.
 17701 | Lair:3   | Found a staircase to the Shoals.
 17839 | Lair:4   | Reached XP level 13. HP: 88/101 MP: 25/25
 17903 | Lair:4   | Reached skill level 5 in Evocations
 19342 | Lair:5   | Identified Sif Muna's Disquisition on Boosting Hexes
 19352 | Lair:5   | Noticed a five-headed hydra
 19359 | Lair:5   | Killed a five-headed hydra
 19412 | Lair:4   | Reached skill level 5 in Fire Magic
 19546 | Lair:4   | Noticed a five-headed hydra
 19550 | Lair:4   | Killed a five-headed hydra
 19828 | Lair:5   | Found an ancient bone altar of Kikubaaqudgha.
 19829 | Lair:5   | Noticed Urug
 19835 | Lair:5   | Killed Urug
 19944 | Lair:5   | Found a staircase to the Slime Pits.
 20054 | Lair:5   | Noticed Snorg
 20064 | Lair:5   | Killed Snorg
 20349 | Lair:6   | Entered Level 6 of the Lair of Beasts
 20350 | Lair:6   | Noticed an eight-headed hydra
 20358 | Lair:5   | Reached skill level 10 in Fighting
 20634 | Lair:5   | Reached XP level 14. HP: 87/110 MP: 27/27
 20908 | Lair:5   | Reached skill level 11 in Conjurations
 21395 | Lair:6   | Offered knowledge of Ozocubu's Refrigeration by Vehumet.
 21801 | Lair:6   | Reached skill level 10 in Spellcasting
 22335 | Lair:6   | HP: 5/111 [eight-headed hydra (9)]
 22336 | Lair:6   | Slain by an eight-headed hydra

Illustrated notes

Levels and vault maps discovered:
D:1:      minmay_arrival_glassed_features, layout_basic, serial_forest,
          infiniplex_forest_clump_long, infiniplex_forest_clump_cross,
          infiniplex_forest_lined_corner, infiniplex_forest_end_double,
          infiniplex_forest_lined_2, infiniplex_forest_clump_large,
          infiniplex_forest_lined_room_2, infiniplex_forest_lined_corner
D:2:      layout_rooms, lemuel_zombie_altar_yredelemnul, minmay_hexomino_f4,
          uniq_jessica, uniq_natasha
D:3:      layout_loops_ring, kennysheep_vampire_church,
          kennysheep_generic_room_14
D:4:      minmay_angry_zag, layout_cave_pods, tgw_xom, temple_statues,
          kennysheep_orc_chapel
D:5:      layout_loops_ring, ashenzari_altar_1, gammafunk_temple_overflow_wave,
          first_ration, basic_altar, minmay_fractal_squares_diagonal_5
D:6:      layout_basic, led_sif_pool, lemuel_round_altar,
          okawaru_altar_gauntlet_db, uniq_eustachio
D:7:      layout_rooms
D:8:      wad_cavern_with_rooms, layout_basic
D:9:      minmay_slanted_spiral_squares, layout_small_grid, erik_lair_island,
          david_nohive_1, minmay_guarded_unrand_staff_of_olgreb, uniq_harold
D:10:     layout_basic, fungi_pond_lemuel, moated_statue,
          nicolae_straight_to_the_point, uniq_grum
Temple:   eino_temple_lava
Lair:1:   layout_roguey, serial_bayou_shore_b
Lair:2:   layout_cave_shapes, grunt_megastairs_3, uniq_sonja
Lair:3:   layout_regular_city, minmay_shoals_entry_hut,
          nicolae_spider_entry_orb_guardian, chequers_serial_rivers_micro_d,
          grunt_megastairs_1
Lair:4:   layout_long_grid, minmay_lair_oklob_chamber, lemuel_fruit_tree,
          infiniplex_staircase_pool_2
Lair:5:   layout_concentric_octagons, dpeg_slime_entry_corner, basic_altar,
          uniq_urug, uniq_snorg
Lair:6:   gammafunk_lair_ancient_temple, layout_small_grid

Skill      XL: |  1  2  3  4  5  6  7  8  9 10 11 12 13 14 |
---------------+-------------------------------------------+-----
Fighting       | 1 2 3 4 5 6 7 9 10 | 10.4
Dodging        | 3 4 5 6 7 8 9 |  9.1
Spellcasting   | 3 4 5 6 7 8 9 10 | 10.1
Conjurations   | 5 6 7 8 9 10 11 | 11.3
Armour         | 1 2 3 4 6 7 8 |  8.2
Shields        | 2 4 |  4.0
Evocations     | 2 4 6 7 |  7.4
Fire Magic     | 3 5 6 |  6.8
Stealth        | |  2.5

Action                   |  1- 3 |  4- 6 |  7- 9 | 10-12 | 13-15 || total
-------------------------+-------+-------+-------+-------+-------++-------
Melee: Short sword       |    15 |    73 |    53 |       |       ||   141
       Dagger            |       |       |    99 |   115 |       ||   214
       Staff             |       |       |       |    31 |    27 ||    58
Throw: Dart              |     7 |       |       |       |       ||     7
 Cast: Magic Dart        |    59 |    98 |   156 |   153 |    59 ||   525
       Searing Ray       |       |     4 |    34 |   119 |    65 ||   222
       Inner Flame       |       |       |       |     3 |    32 ||    35
Evoke: Staff of Olgreb   |       |       |       |    14 |    42 ||    56
  Use: Potion            |     2 |       |     1 |     1 |       ||     4
       Scroll            |       |     7 |     1 |     5 |       ||    13
 Stab: Sleeping          |     1 |     1 |       |     3 |     1 ||     6
  Eat: Chunk             |     2 |     5 |    16 |    28 |    12 ||    63
       Ration            |       |     1 |       |       |     1 ||     2
Armor: Robe              |     1 |    96 |    21 |       |       ||   118
       Ring mail         |       |       |    54 |       |       ||    54
       Leather armour    |       |       |     7 |    84 |    36 ||   127
Dodge: Dodged            |    22 |   195 |   164 |   284 |   135 ||   800
Block: Buckler           |       |       |       |    83 |    32 ||   115

Table legend:
 A = Non-vault XP
 B = Vault XP
 C = Vault XP percentage of total XP
 D = Non-vault monster count
 E = Vault monster count
 F = Vault count percentage of total count
                 A         B        C        D         E       F
            +---------+---------+-------+---------+---------+-------
      Total |   43713 |   17730 |  28.9 |     335 |     124 |  27.0
            +---------+---------+-------+---------+---------+-------
        D:1 |      59 |      37 |  38.5 |      31 |       1 |   3.1
        D:2 |     139 |      57 |  29.1 |      25 |       7 |  21.9
        D:3 |      41 |     119 |  74.4 |      23 |       7 |  23.3
        D:4 |     300 |     161 |  34.9 |      12 |      13 |  52.0
        D:5 |     803 |     168 |  17.3 |      26 |       4 |  13.3
        D:6 |    1255 |     204 |  14.0 |      27 |       7 |  20.6
        D:7 |    1066 |       0 |   0.0 |      28 |       0 |   0.0
        D:8 |     544 |     331 |  37.8 |      16 |       4 |  20.0
        D:9 |    2355 |    5177 |  68.7 |      34 |      54 |  61.4
     Lair:1 |    4011 |       0 |   0.0 |      17 |       0 |   0.0
     Lair:2 |    4851 |     939 |  16.2 |      15 |       2 |  11.8
     Lair:3 |    3439 |     800 |  18.9 |      13 |       2 |  13.3
     Lair:4 |    4567 |    2144 |  31.9 |      21 |       5 |  19.2
     Lair:5 |   12385 |    1999 |  13.9 |      23 |       2 |   8.0
     Lair:6 |    7898 |    5594 |  41.5 |      24 |      16 |  40.0
            +---------+---------+-------+---------+---------+-------
